 Dungeon Crawl Stone Soup version 0.28.0 (webtiles) character file.

Game seed: 1736059349520641888

10 psuckher the Covert (level 2, -1/29 HPs)
             Began as a Gnoll Delver on Feb 16, 2022.
             Slain by an orc (3 damage)
             ... on level 5 of the Dungeon.
             The game lasted 00:00:16 (76 turns).

psuckher the Covert (Gnoll Delver)                    Turns: 76, Time: 00:00:17

Health: -1/29      AC:  3    Str: 11    XL:     2   Next: 20%
Magic:  2/2        EV: 13    Int:  9    God:
Gold:   0          SH:  0    Dex: 13    Spells: 1/1 levels left

rFire   . . .      SeeInvis .   a - +0 short sword
rCold   . . .      Faith    .   (no shield)
rNeg    . . .      Spirit   .   b - +0 leather armour
rPois   .          Reflect  .   (no helmet)
rElec   .          Harm     .   (no cloak)
rCorr   .          Rampage  .   (no gloves)
Will    .....                   (no boots)
Stlth   ++++......              (no amulet)
HPRegen 0.09/turn               (no ring)
MPRegen 0.08/turn               (no ring)

@: no status effects
A: fangs 1, strong nose, distributed training
a: no special abilities


You were on level 5 of the Dungeon.
You visited 1 branch of the dungeon, and saw 1 of its levels.

Inventory:

Hand Weapons
 a - a +0 short sword (weapon)
Missiles
 j - 2 throwing nets (quivered)
Armour
 b - a +0 leather armour (worn)
Wands
 g - a wand of digging (3)
Scrolls
 c - a scroll of fog
 d - a scroll of magic mapping
 e - a scroll of fear
 i - a scroll of blinking {unknown}
Potions
 f - a potion of haste
 h - a potion of mutation {unknown}


   Skills:
 + Level 6.4 Fighting
 + Level 4.4 Short Blades
 + Level 0.3 Long Blades
 + Level 0.3 Axes
 + Level 0.3 Maces & Flails
 + Level 0.3 Polearms
 + Level 0.3 Staves
 + Level 0.3 Slings
 + Level 0.3 Bows
 + Level 0.3 Crossbows
 + Level 0.3 Throwing
 + Level 0.3 Armour
 + Level 4.4 Dodging
 + Level 9.5 Stealth
 + Level 0.3 Shields
 + Level 0.3 Unarmed Combat
 + Level 0.3 Spellcasting
 + Level 0.2 Conjurations
 + Level 0.2 Hexes
 + Level 0.2 Summonings
 + Level 0.2 Necromancy
 + Level 0.2 Translocations
 + Level 0.2 Transmutations
 + Level 0.2 Fire Magic
 + Level 0.2 Ice Magic
 + Level 0.2 Air Magic
 + Level 0.2 Earth Magic
 + Level 0.2 Poison Magic
 + Level 0.4 Invocations
 + Level 0.3 Evocations


You had one spell level left.
You didn't know any spells.
Your spell library was empty.

Dungeon Overview and Level Annotations

Branches:
Dungeon (5/15)
 Temple: D:4-7

Altars:


Innate Abilities, Weirdness & Mutations

You have very sharp teeth.
Your uncanny sense of smell can sniff out nearby items.
Your experience applies equally to all skills.


Message History

Found 11 gold pieces and a viscous coppery potion.
An ogre comes into view. It is wielding a +0 giant club.
The ogre shouts!
An orc comes into view. It is wielding a +0 club.
A shadow imp comes into view.
You see here 2 throwing nets.
j - 2 throwing nets The orc shouts!
You hear a shout!
An orc wizard comes into view. It is wielding a +0 dagger.
An orc comes into view. It is wielding a +0 falchion.
A quokka comes into view.
The ogre barely misses you.
There is an open door here.
The shadow imp shouts, "Run away, thou twisted fat-kidneyed surfacer!"
You hit the ogre.
The ogre is lightly wounded.
You barely miss the ogre. You punch the ogre, but do no damage.
The ogre is lightly wounded.
The orc hits you with a +0 club. The ogre barely misses you.
You hit the ogre.
The ogre is moderately wounded.
The orc hits you with a +0 club. The ogre closely misses you.
You hit the ogre.
The ogre is heavily wounded.
The orc misses you.
You hit the ogre.
The ogre is severely wounded.
The orc wizard gestures wildly while chanting.
The orc wizard flickers and vanishes!
Deactivating autopickup; reactivate with Ctrl-A.
The ogre completely misses you. The orc misses you. The orc closely misses you.
You hit the ogre. You bite the ogre, but do no damage.
The ogre is severely wounded.
The orc hits you with a +0 club. The ogre hits you with a +0 giant club!
Ouch! That really hurt!
* * * LOW HITPOINT WARNING * * *
You hit the ogre.
The ogre is almost dead.
The orc hits you with a +0 falchion.
You die...

#. ..# ..
#.####....# ...
#.#.......#....
..
.....#.#..#....
..#
####.............
...
..........#.....#
#..
.................
.<.
...#..o#..#.....#
##..
.....rO@..'.....!
....
...#.5o#..#.....#
#..
#...##.#.#####
#.. #...
#.#.##########..
#...
#...............
####
###.##########..
..... #..
.....### #..
####### #..


You could see an ogre, a shadow imp, 2 orcs and a quokka.

Vanquished Creatures
  A howler monkey zombie (D:5)
1 creature vanquished.

Notes
Turn   | Place    | Note
-------+----------+-------------------------------------------
     0 | D:5      | Reached skill level 9 in Stealth
     0 | D:5      | psuckher the Gnoll Delver began the quest for the Orb.
     0 | D:5      | Reached XP level 1. HP: 23/23 MP: 1/1
    34 | D:5      | Reached XP level 2. HP: 21/29 MP: 2/2
    63 | D:5      | Noticed an ogre
    76 | D:5      | Slain by an orc

Illustrated notes

Levels and vault maps discovered:
D:5:      layout_basic, gammafunk_ghost_stat_death

Skill      XL: | |
---------------+-+-----
Stealth        | |  9.5
Fighting       | |  6.4
Short Blades   | |  4.4
Long Blades    | |  0.3
Axes           | |  0.3
Maces & Flails | |  0.3
Polearms       | |  0.3
Staves         | |  0.3
Slings         | |  0.3
Bows           | |  0.3
Crossbows      | |  0.3
Throwing       | |  0.3
Armour         | |  0.3
Dodging        | |  4.4
Shields        | |  0.3
Unarmed Combat | |  0.3
Spellcasting   | |  0.3
Conjurations   | |  0.2
Hexes          | |  0.2
Summonings     | |  0.2
Necromancy     | |  0.2
Translocations | |  0.2
Transmutations | |  0.2
Fire Magic     | |  0.2
Ice Magic      | |  0.2
Air Magic      | |  0.2
Earth Magic    | |  0.2
Poison Magic   | |  0.2
Invocations    | |  0.4
Evocations     | |  0.3

Action                   || total
-------------------------++-------
Melee: Short sword       ||    20
       Punch             ||     2
       Bite              ||     2
Armor: Leather armour    ||     2
Dodge: Dodged            ||    12
